 Dungeon Crawl Stone Soup version 0.29.0-11-gd7f09526c8 (webtiles) character file.

Game seed: 16593147708960383925

32 pacmanke6689 the Covered (level 3, 0/29 HPs)
             Began as a Human Fighter on Sept 5, 2022.
             Killed from afar by Sigmund (9 damage)
             ... with a puff of flame
             ... on level 2 of the Dungeon.
             The game lasted 00:01:57 (844 turns).

pacmanke6689 the Covered (Human Fighter)             Turns: 844, Time: 00:01:58

Health: 0/29       AC:  8    Str: 18    XL:     3   Next: 42%
Magic:  3/3        EV:  9    Int:  8    God:
Gold:   43         SH:  4    Dex: 12    Spells: 2/2 levels left

rFire   . . .      SeeInvis .   a - +0 long sword
rCold   . . .      Faith    .   c - +0 buckler
rNeg    . . .      Spirit   .   b - +0 scale mail
rPois   .          Reflect  .   (no helmet)
rElec   .          Harm     .   e - +0 cloak
rCorr   .          Rampage  .   (no gloves)
Will    .....                   (no boots)
Stlth   ..........              (no amulet)
HPRegen 0.09/turn               (no ring)
MPRegen 0.08/turn               (no ring)

@: mighty
A: no striking features
a: no special abilities


You were on level 2 of the Dungeon.
You visited 1 branch of the dungeon, and saw 2 of its levels.

You collected 43 gold pieces.

Inventory:

Hand Weapons
 a - a +0 long sword (weapon)
Armour
 b - a +0 scale mail (worn)
 c - a +0 buckler (worn)
 e - a +0 cloak (worn)
Scrolls
 f - a scroll of torment {unknown}
 g - 2 scrolls of identify {unknown}
 h - a scroll of immolation {unknown}
 i - a scroll of poison {unknown}
 j - a scroll of teleportation {unknown}
 k - a scroll of amnesia {unknown}
Potions
 d - a potion of might
 l - a potion of lignification {unknown}


   Skills:
 + Level 3.2 Fighting
 + Level 2.3 Long Blades
 + Level 3.7 Armour
 + Level 3.1 Shields


You had 2 spell levels left.
You didn't know any spells.
Your spell library was empty.

Dungeon Overview and Level Annotations

Branches:
Dungeon (2/15)

Altars:

Annotations:
D:2 Sigmund


Message History

You barely miss the kobold. The kobold barely misses you.
You slash the kobold!
You kill the kobold!
Things that are here:
a +0 club; 2 stones; a kobold corpse
Things that are here:
a +0 club; 2 stones; a kobold corpse You see here a +0 dagger.
Found a stone staircase leading down.
There is a stone staircase leading down here.
There is a stone staircase leading down here.
Done exploring.
Done exploring.
There is a stone staircase leading down here.
You climb downwards.
Sigmund shouts!
Found 14 gold pieces and a scroll labelled RUOQESKACH.
Found a stone staircase leading up.
There is a stone staircase leading up here.
You feel very mighty all of a sudden.
Sigmund gestures wildly while chanting.
Sigmund flickers and vanishes!
Deactivating autopickup; reactivate with Ctrl-A.
You hear some strange, mumbled words.
Something tries to affect you, but you resist.
You hear some strange, mumbled words.
Something tries to affect you, but you resist.
You closely miss something. Something hits you!
You closely miss something. Something hits you but does no damage.
You closely miss something. You block something's attack.
You hit something. Something hits you but does no damage.
You closely miss something. You barely miss something. Something hits you.
You closely miss something. Something hits you!
You barely miss something. Something hits you.
You slash something!
You hear some strange, mumbled words.
A puff of flame appears from out of thin air!
The puff of flame hits you!
You die...

.. ## .# ######<
.. #...... .####
.
#.....?##....#..
+...............
#.....$..$......
#......#<.......
#....{@.......#
#############.#


There were no monsters in sight!

Vanquished Creatures
  2 dart slugs (D:1)
  A ball python (D:1)
  4 endoplasms (D:1)
  2 giant cockroaches (D:1)
  2 hobgoblins (D:1)
  2 jackals (D:1)
  A quokka (D:1)
  6 bats (D:1)
  A frilled lizard (D:1)
  3 kobolds (D:1)
  2 rats (D:1)
26 creatures vanquished.

Notes
Turn   | Place    | Note
-------+----------+-------------------------------------------
     0 | D:1      | pacmanke6689 the Human Fighter began the quest for the Orb.
     0 | D:1      | Reached XP level 1. HP: 18/18 MP: 1/1
    91 | D:1      | Reached XP level 2. HP: 16/24 MP: 2/2
   322 | D:1      | Found a faded altar of an unknown god.
   442 | D:1      | Reached XP level 3. HP: 27/29 MP: 3/3
   832 | D:2      | Noticed Sigmund
   844 | D:2      | Killed from afar by Sigmund

Illustrated notes

Levels and vault maps discovered:
D:1:      scummos_arrival_checkerplants, layout_loops_ring,
          hellmonk_ecumenical_altar_leap_of_faith
D:2:      wad_river_or_something, layout_basic, uniq_jessica, uniq_sigmund

Action                   || total
-------------------------++-------
Melee: Long sword        ||    76
  Use: Potion            ||     1
Armor: Scale mail        ||    38
Dodge: Dodged            ||    31
Block: Buckler           ||    17
